AoeStats
← Jamwoo

Fortress

509688964Analyzed
2v2 RM · 5d ago on Sep 27, 2026· 75m 7s· 4 players
Game mode
Random Map
Map size
Normal (6 player)
Population
200
Speed
Normal
Resources
Standard
Victory
Conquest
Starting age
Dark Age
Ending age
Imperial Age
RankedLock teamsTeams togetherTeam positionsShared explorationLock speedFull tech treeHidden civsTurbo modeCheats
Victory
Defeat
🇺🇸 Varangians · United States
712
+13
677
+15
🇬🇧 Varangians · United Kingdom
656
-14
🇨🇦 Danes · Canada
643
-14
JH
5:37 Loom
8:10 Feudal Age
9:08 Double-Bit Axe
9:07 Horse Collar
10:41 Town Watch
13:26 Wheelbarrow
19:14 Castle Age
18:53 Bloodlines
18:42 Gold Mining
18:47 Stone Mining
18:51 Arson
20:10 Squires
20:54 Light Cavalry
21:37 Husbandry
22:01 Heavy Plow
22:18 Bow Saw
22:22 Forging
22:16 Scale Mail Armor
24:49 Town Patrol
26:22 Iron Casting
26:03 Chain Mail Armor
31:58 Imperial Age
30:09 Hamask
32:37 Capped Ram
32:42 Heavy Scorpion
34:41 Blast Furnace
34:33 Fletching
35:28 Hand Cart
38:01 Elite Jomsviking
38:38 Northmen's Fury
39:39 Conscription
39:30 Thumb Ring
40:49 Cranequins
43:02 Siege Ram
44:22 Padded Archer Armor
44:18 Bodkin Arrow
44:26 Padded Archer Armor
44:50 Ballistics
45:35 Chemistry
48:55 Heavy Mounted Crossbowman
50:43 Elite Varangian Guard
62:54 Scale Barding Armor
62:37 Onager
66:07 Man-at-Arms
71:36 Long Swordsman
74:36 Elite Skirmisher
74:58 Long Swordsman
Jamwoo
10:53 Feudal Age
16:13 Double-Bit Axe
19:34 Castle Age
21:20 Loom
21:45 Pikeman
24:30 Bow Saw
26:33 Caravan
27:13 Husbandry
27:25 Bloodlines
34:41 Imperial Age
32:35 Horse Collar
33:41 Elite Skirmisher
38:16 Chemistry
37:38 Ballistics
38:53 Scale Barding Armor
40:14 Forging
39:57 Fletching
40:30 Chain Barding Armor
41:36 Elite Jarl
42:50 Fortified Wall
43:11 Bodkin Arrow
43:55 Murder Holes
54:33 Padded Archer Armor
60:02 Cranequins
68:35 Bracer
68:50 Leather Archer Armor
69:11 Iron Casting
69:38 Cavalier
Nacho
7:02 Feudal Age
9:56 Double-Bit Axe
10:06 Horse Collar
12:42 Wheelbarrow
14:37 Castle Age
14:13 Gold Mining
14:15 Stone Mining
15:31 Arson
16:04 Forging
15:59 Scale Mail Armor
16:03 Fletching
17:06 Bow Saw
16:55 Gambesons
17:17 Squires
19:32 Bodkin Arrow
20:21 Heavy Plow
23:00 Stone Shaft Mining
25:56 Hand Cart
26:33 Iron Casting
26:30 Padded Archer Armor
31:22 Imperial Age
34:39 Chain Mail Armor
34:25 Bracer
34:41 Leather Archer Armor
35:27 Blast Furnace
34:37 Gothikon
35:41 Guilds
36:16 Ballistics
36:43 Conscription
39:11 Elite Jarl
39:22 Elite Varangian Guard
42:07 Elite Jarl
50:12 Chemistry
48:52 Treadmill Crane
49:45 Plate Mail Armor
49:45 Ring Archer Armor
49:47 Crop Rotation
50:19 Two-Man Saw
55:49 Scale Barding Armor
57:04 Murder Holes
63:06 Caravan
O Abomineve Homem Das Naves
4:10 Loom
7:08 Feudal Age
9:25 Champi Runner
9:52 Arson
10:35 Double-Bit Axe
11:54 Gold Mining
12:58 Stone Mining
15:16 Wheelbarrow
17:26 Horse Collar
21:48 Castle Age
22:35 Squires
21:56 Champi Warrior
22:50 Forging
29:50 Ballistics
36:09 Imperial Age
36:06 Hand Cart
40:52 Chemistry
39:49 Fletching
39:59 Padded Archer Armor
40:05 Elite Champi Warrior
41:07 Heavy Plow
41:31 Elite Blackwood Archer
42:29 Caciques
43:13 Iron Casting
42:34 Bodkin Arrow
43:55 Bow Saw
44:23 Gold Shaft Mining
44:18 Scale Mail Armor
44:26 Town Watch
56:17 Elite Blackwood Archer
59:05 Padded Archer Armor
62:05 Two-Man Saw
62:32 Curare
70:42 Guard Tower
71:02 Murder Holes
70:44 Capped Ram
Connection lost

Rejoining the realm…

Still unreachable

The connection could not be restored.

Session expired

The server has moved on; the page needs a fresh start.